 Dungeon Crawl Stone Soup version 0.30-a0-779-g7971cf19c3 (webtiles) character file.

Game seed: 15677992888868767407

317 cforsyth the Firebug (level 6, -3/32 HPs)
             Began as a Tengu Fire Elementalist on Feb 17, 2023.
             Killed from afar by Sigmund (5 damage)
             ... with a magic dart
             ... on level 5 of the Dungeon.
             The game lasted 00:07:30 (4604 turns).

cforsyth the Firebug (Tengu Fire Elementalist)      Turns: 4604, Time: 00:07:31

Health: -3/32      AC:  2    Str: 10    XL:     6   Next: 45%
Magic:  10/12      EV: 14    Int: 15    God:
Gold:   249        SH:  0    Dex: 15    Spells: 11/12 levels left

rFire   . . .      SeeInvis .    j - +0 spear (venom)
rCold   + . .      Faith    .    (no shield)
rNeg    . . .      Spirit   .    w - +0 robe {rC+}
rPois   .          Reflect  .    (helmet restricted)
rElec   .          Harm     .    (no cloak)
rCorr   .          Rampage  .    (no gloves)
Will    .....                    (boots unavailable)
Stlth   ++                       (no amulet)
HPRegen 0.25/turn                (no ring)
MPRegen 0.13/turn                (no ring)

@: flying quickly and evasively, quick
A: beak, talons 3, nimble flight
a: no special abilities


You were on level 5 of the Dungeon.
You visited 1 branch of the dungeon, and saw 5 of its levels.

You collected 262 gold pieces.
You spent 13 gold pieces at shops.

Inventory:

Hand Weapons
 j - a +0 spear of venom (weapon)
Armour
 a - a +0 robe
 w - a +0 robe of cold resistance (worn)
Magical Staves
 t - a staff of fire
Jewellery
 v - a ring of resist corrosion
Scrolls
 d - 5 scrolls of identify {unknown}
 f - a scroll of brand weapon {unknown}
 h - 2 scrolls of fog {unknown}
 l - a scroll of vulnerability {unknown}
 n - a scroll of magic mapping {unknown}
 p - a scroll of fear {unknown}
 r - a scroll of teleportation {unknown}
 s - a scroll of noise {unknown}
Potions
 b - a potion of magic
 c - 5 potions of haste {unknown}
 e - 6 potions of attraction {unknown}
 g - 3 potions of lignification {unknown}
 i - 2 potions of brilliance {unknown}
 k - 3 potions of curing {unknown}
 m - a potion of might {unknown}
 o - a potion of cancellation {unknown}
 q - 3 potions of heal wounds {unknown}
 u - a potion of mutation {unknown}


   Skills:
 - Level 2.1 Dodging
 - Level 2.0 Stealth
 + Level 3.8 Spellcasting
 + Level 4.9 Conjurations
 + Level 5.1 Fire Magic


You had 11 spell levels left.
You knew the following spells:

 Your Spells              Type           Power      Damage    Failure   Level
a - Foxfire               Conj/Fire      72%        2x1d7     2%          1

Your spell library contained the following spells:

 Spells                   Type           Power      Damage    Failure   Level
 Magic Dart               Conj           68%        1d6       2%          1
 Scorch                   Fire           36%        2d6       3%          2
 Static Discharge         Conj/Air       20%        2-3/arc   10%         2
 Apportation              Tloc           4%         N/A       19%         1
 Necrotise                Necr           8%         1d4       19%         1
 Summon Small Mammal      Summ           8%         N/A       19%         1
 Inner Flame              Hex/Fire       10%        N/A       19%         3
 Flame Wave               Conj/Fire      18%        2d7       22%         4
 Kindle Blastsparks       Fire/Tloc/Air  16%        2d11      26%         3
 Call Imp                 Summ           2%         N/A       28%         2
 Mephitic Cloud           Conj/Pois/Air  7%         N/A       28%         3
 Vhi's Electric Charge    Tloc/Air       4%         N/A       50%         3
 Arcjolt                  Conj/Air       5%         1d15      88%         5
 Lightning Bolt           Conj/Air       5%         1d17      88%         5


Dungeon Overview and Level Annotations

Branches:
Dungeon (5/15)
 Temple: D:4-7

Altars:

Shops:
D:2 !(

Annotations:
D:5 Sigmund


Innate Abilities, Weirdness & Mutations

You have a beak for a mouth.
You have claws for feet.
Your magical nature lets you fly swiftly and evasively.


Message History

A quokka comes into view.
The quokka bites you. The quokka bites you.
The quokka attacks as you move away! The quokka misses you.
The quokka attacks as you move away! The quokka misses you.
The quokka bites you. The quokka attacks as you move away!
The quokka bites you but does no damage.
A puff of flame appears from out of thin air!
The puff of flame hits you!
* * * LOW HITPOINT WARNING * * *
You are confused.
The quokka bites you but does no damage.
The quokka attacks as you move away! The quokka barely misses you.
You barely miss the quokka. Your peck misses the quokka. The quokka bites you.
* * * LOW HITPOINT WARNING * * *
You bump into the rock wall.
The quokka bites you but does no damage.
The quokka closely misses you. The quokka attacks as you move away!
The quokka bites you but does no damage.
Something barely misses you.
You bump into the rock wall.
You feel less confused. The quokka misses you.
You are too injured to fight recklessly!
Casting: Foxfire (safe; 2% risk of failure)
Confirm with . or Enter, or press ? or * to list all spells.
You conjure some foxfire!
The quokka barely misses you. Something barely misses you.
The foxfire hits the quokka.
The quokka is almost dead.
The foxfire hits the quokka.
You kill the quokka!
A magic dart appears from out of thin air!
The magic dart hits you!
* * * LOW HITPOINT WARNING * * *
A magic dart appears from out of thin air!
The magic dart hits you.
You die...

## ######### #......# #
#.....# #.###..# ##
##.....###.###..# .#
#.......##.#....# ##
#.......##.#.##.# #
#.....{.##>#.##.#
#.#..##.##......#
#.#.###.####.####
#.#.###.# #@#
#####.......# #.#
#...........# #.#
#.###.......# #.######
............####{.....#
#.#.#........{†..###†.#
#.#...[.....###..# ##.#
#...........# #..# ...
#...........# #..# .###


There were no monsters in sight!

Vanquished Creatures
  A bullfrog (D:4)
  A hound (D:5)
  An iguana (D:5)
  4 gnolls
  4 adders
  A shadow imp (D:5)
  3 ufetubi
  2 dart slugs
  2 orcs
  5 ball pythons
  8 endoplasms
  A giant cockroach (D:4)
  16 hobgoblins
  10 jackals
  5 kobolds
  2 quokkas
  2 bats
  3 frilled lizards
  15 goblins
  3 rats
89 creatures vanquished.

Vanquished Creatures (others)
  399 foxfires
399 creatures vanquished.

Grand Total: 488 creatures vanquished

Notes
Turn   | Place    | Note
-------+----------+-------------------------------------------
     0 | D:1      | cforsyth the Tengu Fire Elementalist began the quest for
                  | the Orb.
     0 | D:1      | Reached XP level 1. HP: 10/10 MP: 4/4
   170 | D:1      | Reached XP level 2. HP: 15/15 MP: 0/6
   230 | D:1      | Found a faded altar of an unknown god.
   357 | D:1      | Reached XP level 3. HP: 19/19 MP: 0/7
   547 | D:1      | You fall into a shaft and drop 1 floor!
   553 | D:2      | Found Meoditi's Distillery.
   559 | D:2      | Bought a potion of degeneration for 13 gold pieces
  1090 | D:2      | Found Bipnarr's Weapon Emporium.
  1461 | D:2      | Reached skill level 4 in Fire Magic
  1630 | D:2      | Reached XP level 4. HP: 24/24 MP: 5/9
  2218 | D:3      | Noticed a water moccasin
  2913 | D:4      | Gained mutation: Your magical nature lets you fly swiftly
                  | and evasively. [Tengu growth]
  2913 | D:4      | Reached XP level 5. HP: 28/28 MP: 3/10
  3851 | D:5      | Entered Level 5 of the Dungeon
  4050 | D:5      | Reached XP level 6. HP: 32/32 MP: 6/12
  4055 | D:5      | Reached skill level 5 in Fire Magic
  4281 | D:5      | Noticed an ice beast
  4555 | D:5      | Noticed Sigmund
  4600 | D:5      | HP: 1/32 [something/magic dart (7)]
  4604 | D:5      | Killed from afar by Sigmund

Illustrated notes

Levels and vault maps discovered:
D:1:      minmay_arrival_up_and_down, layout_basic,
          hellmonk_ecumenical_altar_run_dry, nrook_mini_vaults, st_stairs_6,
          minmay_heptomino_h4
D:2:      cheibrodos_greedy_goblins, layout_loops_corners, serial_shops,
          nicolae_shop_bloodbath_and_beyond, shop, kennysheep_potato
D:3:      layout_loops_ring, nicolae_concentric_dashed_squares_wild
D:4:      layout_gridville
D:5:      layout_loops_cross, minmay_temple_entry_sparse_star, uniq_sigmund

Skill      XL: |  1  2  3  4  5  6 |
---------------+-------------------+-----
Conjurations   | 2 3 4 |  4.9
Fire Magic     | 4 5 |  5.1
Spellcasting   | 3 |  3.8
Dodging        | |  2.1
Stealth        | |  2.0

Action                     |  1- 3 |  4- 6 || total
---------------------------+-------+-------++-------
  Melee: Unarmed           |     4 |       ||     4
         Peck              |     3 |       ||     3
         Kick              |     1 |     3 ||     4
         Spear             |     3 |    12 ||    15
   Cast: Foxfire           |    76 |   143 ||   219
 Armour: Robe              |     2 |    16 ||    18
  Dodge: Dodged            |    12 |    42 ||    54

Table legend: (Time is in decaauts)
 A = Elapsed time spent in this place.
 B = Non-inter-level travel time spent in this place.
 C = Inter-level travel time spent in this place.
 D = Time resting spent in this place.
 E = Time spent auto-exploring this place.
 F = Levels seen in this place.
 G = Mean time per level.
                   A        B        C        D        E       F      G
               +--------+--------+--------+--------+--------+-----+--------+
         Total |   4516 |   4445 |     71 |    215 |   3516 |   5 |  903.2 |
       Dungeon |   4516 |   4445 |     71 |    215 |   3516 |   5 |  903.2 |
               +--------+--------+--------+--------+--------+-----+--------+

Top non-repeatable levels by time:
     D:4: 1558 daAuts
     D:2: 1248 daAuts
     D:3: 707 daAuts
     D:1: 547 daAuts
     D:5: 454 daAuts
